 Dungeon Crawl Stone Soup version 0.30-a0-358-g0d69a1922f (webtiles) character file.

Game seed: 9706944409261370063

149751 iguanaiguana the Devastator (level 18, -13/106 HPs)
             Began as a Kobold Artificer on Nov 9, 2022.
             Was the Champion of Nemelex Xobeh.
             Killed from afar by a merfolk aquamancer (45 damage)
             ... with a shard of ice
             ... on level 4 of the Shoals on Nov 10, 2022.
             The game lasted 03:17:33 (52817 turns).

iguanaiguana the Devastator (Kobold Artificer)     Turns: 52817, Time: 03:17:33

Health: -13/106    AC: 21    Str:  6    XL:     18   Next: 14%
Magic:  0/31       EV: 17    Int: 23    God:    Nemelex Xobeh [******]
Gold:   1648       SH: 11    Dex: 16    Spells: 8/35 levels left

rFire   + . .      SeeInvis .    a - +7 rapier (venom)
rCold   . . .      Faith    .    G - +0 buckler
rNeg    + . .      Spirit   +    K - +6 acid dragon scales
rPois   .          Reflect  +    k - +2 hat of the Bear Spirit {Spirit, *Rage Will++}
rElec   .          Harm     .    U - +1 cloak
rCorr   +          Rampage  .    A - +1 pair of gloves
Will    +++..      Rage     20%  V - +0 pair of boots
Stlth   +++++.....               m - amulet of reflection
HPRegen 0.37/turn                L - ring "Qideaxup" {rF+ rN+ Str-3 Int+3}
MPRegen 0.22/turn                u - ring of flight

@: flying
A: small, no large weapons, nightstalker 3
a: Renounce Religion, Draw Escape, Draw Destruction, Draw Summoning, Triple
Draw, Deal Four, Stack Five


You were on level 4 of the Shoals.
You worshipped Nemelex Xobeh.
Nemelex Xobeh was exalted by your worship.
You visited 5 branches of the dungeon, and saw 28 of its levels.

You collected 4058 gold pieces.
You spent 2410 gold pieces at shops.

Inventory:

Hand Weapons
 a - a +7 rapier of venom (weapon)
 b - the +8 hand axe of Ydyeshoo {vorpal, Int+4}
   (You found it on level 3 of the Shoals)

   It inflicts extra damage upon your enemies.
   Int:       It affects your intelligence (+4).
Missiles
 e - 9 throwing nets
 q - 2 javelins
Armour
 k - the +2 hat of the Bear Spirit (worn) {Spirit, *Rage Will++}
   (You bought it in a shop on level 11 of the Dungeon)

   Going berserk makes the wearer tougher, and they're slowed less afterward.
   *Rage:     It berserks you when you make melee attacks (+20% chance).
   Will:      It greatly increases your willpower.
 A - a +1 pair of gloves (worn)
 G - a +0 buckler (worn)
 K - +6 acid dragon scales (worn)
 U - a +1 cloak (worn)
 V - a +0 pair of boots (worn)
Jewellery
 g - a ring of willpower
 j - a ring of protection from cold
 m - an amulet of reflection (around neck)
 p - a ring of see invisible
 u - a ring of flight (right hand)
 E - a +6 ring of dexterity
 I - a ring of poison resistance
 L - the ring "Qideaxup" (left hand) {rF+ rN+ Str-3 Int+3}
   (You acquired it on level 2 of the Orcish Mines)

   [ring of protection from fire]

   Str:       It affects your strength (-3).
   Int:       It affects your intelligence (+3).
   rF:        It protects you from fire.
   rN:        It protects you from negative energy.
Wands
 c - a wand of flame (54) (quivered)
 d - a wand of charming (42)
 v - a wand of polymorph (14)
 M - a wand of iceblast (8) {@v2}
Scrolls
 f - 2 scrolls of fog
 i - a scroll of fear
 l - 10 scrolls of vulnerability
 r - 10 scrolls of teleportation {@r3}
 s - a scroll of summoning
 t - 7 scrolls of poison
 w - 3 scrolls of immolation
 y - 2 scrolls of amnesia
 F - a scroll of blinking {@r4}
 N - 4 scrolls of magic mapping {@r5}
 S - 2 scrolls of torment
 X - 2 scrolls of silence
Potions
 h - 3 potions of haste {@q4}
 n - 2 potions of flight
 o - 4 potions of attraction
 x - 2 potions of magic
 z - 4 potions of brilliance
 B - 4 potions of berserk rage
 C - 7 potions of lignification
 D - 8 potions of ambrosia
 H - a potion of might {@q3}
 O - 5 potions of mutation
 Q - 2 potions of resistance {@q5}
 R - 2 potions of cancellation
 T - 7 potions of curing {@q1}
Miscellaneous
 J - a tin of tremorstones (inert)
 W - a box of beasts
 Y - a phantom mirror (inert)
 Z - a lightning rod (4/4)


   Skills:
 + Level 9.5 Fighting
 * Level 9.9 Short Blades
 - Level 5.0 Armour
 + Level 9.7 Dodging
 - Level 10.0 Stealth
 - Level 5.0 Shields
 - Level 9.4 Spellcasting
 - Level 15.0 Conjurations
 - Level 0.5 Hexes
 - Level 7.0 Necromancy
 - Level 10.0 Air Magic
 - Level 14.0 Earth Magic
 - Level 8.0 Invocations
 - Level 3.6 Evocations


You had 8 spell levels left.
You knew the following spells:

 Your Spells              Type           Power      Damage    Failure   Level
a - Stone Arrow           Conj/Erth      100%       3d13      1%          3
b - Iskenderun's Battles  Conj           68%        2d12      1%          5
c - Borgnjor's Vile Clut  Necr/Erth      28%        N/A       6%          5
d - Iron Shot             Conj/Erth      33%        9d7       6%          6
e - Airstrike             Air            27%        2d(4-20)  2%          4
f - Shock                 Conj/Air       100%       1d9       1%          1
g - Swiftness             Air            54%        N/A       1%          3

Your spell library contained the following spells:

 Spells                   Type           Power      Damage    Failure   Level
 Kiss of Death            Conj/Necr      100%       2d13      1%          1
 Passwall                 Tmut/Erth      35%        N/A       1%          2
 Dazzling Flash           Conj/Hex       92%        N/A       1%          3
 Lee's Rapid Deconstruct  Erth           33%        3d17*     1%          5
 Animate Armour           Summ/Erth      86%        N/A       9%          4
 Animate Dead             Necr           43%        N/A       9%          4
 Dispel Undead            Necr           43%        3d17      9%          4
 Leda's Liquefaction      Hex/Erth       22%        N/A       9%          4
 Ensorcelled Hibernation  Hex/Ice        24%        N/A       22%         2
 Agony                    Necr           43%        N/A       26%         5
 Orb of Destruction       Conj           34%        9d10      28%         7
 Anguish                  Hex/Necr       14%        N/A       34%         4
 Confusing Touch          Hex            13%        N/A       36%         3
 Portal Projectile        Hex/Tloc       24%        N/A       41%         3
 Summon Guardian Golem    Hex/Summ       12%        N/A       41%         3
 Call Canine Familiar     Summ           10%        N/A       43%         3
 Ignite Poison            Fire/Tmut/Pois 10%        N/A       43%         3
 Spider Form              Tmut/Pois      10%        N/A       43%         3
 Silence                  Hex/Air        17%        N/A       45%         5
 Statue Form              Tmut/Erth      28%        N/A       80%         6
 Lehudib's Crystal Spear  Conj/Erth      33%        10d9      95%         8
 Alistair's Intoxication  Tmut/Pois      6%         N/A       99%         5
 Spellforged Servitor     Conj/Summ      22%        N/A       99%         7
 Eringya's Noxious Bog    Tmut/Pois      5%         N/A       100%        6
 Enfeeble                 Hex            6%         N/A       100%        7
 Haunt                    Necr/Summ      13%        N/A       100%        7
 Infestation              Necr           21%        N/A       100%        8


Dungeon Overview and Level Annotations

Branches:
Dungeon (15/15) Zot: 23881  Temple (0/1) D:5            Lair (5/5) D:9 Zot: 17149
 Shoals (4/4) Lair:2 Zot: 14597   Snake (2/4) Lair:2 Zot: 10225   Slime (0/5) Lair:4
    Orc (2/2) D:11 Zot: 9038     Elf (0/3) Orc:2        Vaults (0/5) D:13
 Depths (0/4) D:15

Altars:
Ashenzari
Cheibriados
Elyvilon
Gozag
Hepliaklqana
Kikubaaqudgha
Nemelex Xobeh
Trog
Uskayaw
Zin
The Shining One
Jiyva
Lugonu

Shops:
D:4 [   D:8 *?*:   D:11 [(   Orc:1 *   Orc:2 ([*:   Shoals:3 [

Portals:
Abyss: Lair:5

Annotations:
D:3 1 runed translucent door, Crazy Yiuf
Shoals:2 Bai Suzhen
Shoals:3 Mara


Innate Abilities, Weirdness & Mutations

You are small and have problems with some larger weapons.
You are completely attuned to the shadows.


Message History

The sea snake is heavily wounded.
You hit the sea snake.
The sea snake is heavily wounded.
A ball of steam appears from out of your range of vision.
The ball of steam hits your battlesphere!
Your battlesphere resists.
Your battlesphere is destroyed!
The sea snake is engulfed in a cloud of scalding steam.
You hit the sea snake.
The sea snake is severely wounded.
You puncture the sea snake!
The sea snake is almost dead.
A merfolk aquamancer comes into view. It is wielding a +0 rapier.
You puncture the sea snake!
The sea snake is poisoned.
The sea snake is almost dead.
You kill the sea snake!
The merfolk aquamancer is engulfed in a cloud of scalding steam. x2
The merfolk aquamancer is engulfed in a cloud of scalding steam.
The merfolk aquamancer casts a spell at you.
The torrent of water hits you!!!
* * * LOW HITPOINT WARNING * * *
You are knocked back by the torrent of water.
The wave splashes down.
You hear a shout!
You hear a screech!
You hear a shout!
You hear an angry hiss. x3
The merfolk aquamancer is engulfed in a cloud of scalding steam.
The merfolk aquamancer points at you and mumbles some strange words.
The torrent of water hits you!
* * * LOW HITPOINT WARNING * * *
You are knocked back by the torrent of water.
The wave splashes down.
A snapping turtle comes into view.
The snapping turtle hisses angrily.
You hear a shout!
As you read the scroll of fear, it crumbles to dust.
You assume a fearsome visage.
The merfolk aquamancer looks frightened!
The snapping turtle looks frightened!
The merfolk aquamancer gestures at you while chanting.
The shard of ice hits you!!!
You die...
Your body glows with a rainbow of weird colours and disappears.

#≈≈≈≈≈~
#≈§≈≈≈≈
#≈≈≈≈≈≈
#≈≈≈≈≈≈≈
#m≈≈≈≈≈≈
#≈≈≈≈≈≈≈
#≈≈≈≈≈≈≈
#≈≈@≈≈≈≈
#≈≈≈≈≈≈≈
#≈≈≈≈≈≈≈
#≈≈≈≈≈≈t
#≈≈≈≈≈≈≈


You could see a merfolk aquamancer (fleeing) and a snapping turtle (fleeing).

Vanquished Creatures
  Mlioglotl (Shoals:2)
  Kirke (Lair:5)
  An orc warlord (Orc:2)
  A bunyip (Shoals:2)
  An ettin (D:14)
  5 merfolk impalers
  Josephine (D:10)
  6 hydras
  8 vault guards (D:13)
  3 merfolk avatars
  2 alligator snapping turtles
  7 boulder beetles
  7 centaur warriors
  An alligator (Shoals:2)
  2 satyrs (Shoals:3)
  2 anacondas (Snake:1)
  6 merfolk aquamancers
  A two-headed ogre (D:14)
  7 death yaks
  3 tengu warriors
  2 naga sharpshooters
  3 thrashing horrors (Lair:5)
  Nergalle (D:12)
  3 orc high priests (Orc:2)
  A shock serpent (Snake:1)
  6 skeletal warriors
  8 sea snakes
  A wizard (D:15)
  7 harpies
  2 large abominations (Lair:5)
  A mana viper (Snake:1)
  A necromancer (D:15)
  5 orc knights
  2 deep elf pyromancers
  5 orc sorcerers
  13 manticores
  8 elephants
  12 fauns
  7 cyclopes
  13 ugly things
  5 merfolk sirens
  5 water nymphs
  9 black mambas
  A guardian serpent (Lair:2)
  A naga mage (Snake:2)
  A gargoyle (D:11)
  2 unseen horrors
  11 cane toads
  4 yaktaurs
  A rime drake (Lair:4)
  2 ancient zymes (Lair:5)
  6 komodo dragons
  A tengu conjurer (D:14)
  A yaktaur (shapeshifter) (D:14)
  23 merfolk
  6 wind drakes
  A queen bee (Lair:1)
  9 trolls
  A meliai (shapeshifter) (Lair:5)
  16 blink frogs
  A dream sheep (Shoals:2)
  4 snapping turtles
  6 slime creatures
  A culicivora (Shoals:2)
  A shadow (D:11)
  A vampire (D:10)
  9 wraiths
  2 spriggans (Lair:5)
  18 water elementals
  A ynoxinul (Lair:5)
  3 wyverns
  43 yaks
  Eustachio (D:6)
  9 basilisks
  2 chaos spawn (Lair:5)
  A hog (Lair:5)
  Grum (D:10)
  10 small abominations
  4 wargs
  3 nagas (Snake:1)
  An acid dragon (D:12)
  Menkaure (D:5)
  8 water moccasins
  3 ice beasts
  36 orc warriors
  3 black bears
  14 wolves
  7 ogres
  12 centaurs
  A phantom (D:5)
  A kobold brigand (D:6)
  13 bullfrogs
  2 scorpions
  4 wights (D:7)
  30 killer bees
  An electric eel (Lair:3)
  7 howler monkeys
  2 jellies
  4 hounds
  9 orc priests
  A gnoll bouda (D:6)
  An iguana (D:5)
  24 orc wizards
  A mummy (D:3)
  6 gnolls
  5 adders
  A white imp (D:5)
  4 worms
  2 dart slugs
  86 orcs
  3 ball pythons
  2 endoplasms
  3 giant cockroaches
  5 goblins
  9 hobgoblins
  A quokka (D:4)
  14 bats
  5 frilled lizards
  9 kobolds
  9 rats
744 creatures vanquished.

Vanquished Creatures (collateral kills)
  Roxanne (Shoals:1)
  A merfolk impaler (Shoals:2)
  A hydra (Lair:5)
  2 merfolk aquamancers
  2 death yaks (Lair:5)
  A naga warrior (Snake:2)
  A shock serpent (Snake:2)
  2 skeletal warriors (D:12)
  An orc knight (Orc:2)
  An orc sorcerer (Orc:2)
  An ugly thing (Lair:5)
  3 fauns (Shoals:2)
  A naga mage (Snake:2)
  2 merfolk (Shoals:2)
  The ghost of IdlyInterested the Twirler, an amateur DsWn (D:4)
  3 water elementals (Shoals:2)
  3 yaks (Lair:5)
  2 wargs (Orc:2)
  5 orc warriors (Orc:2)
  A centaur (D:7)
  A bullfrog (D:8)
  Blork the orc (D:4)
  A scorpion (D:4)
  4 wights (D:7)
  4 orc priests
  3 orc wizards
  A river rat (D:4)
  An adder (D:4)
  A white imp (D:7)
  A worm (D:4)
  5 orcs
  A quokka (D:4)
59 creatures vanquished.

Vanquished Creatures (others)
  3 humans (Lair:5)
  3 yaks
  2 orcs (D:7)
  43 fungi
  133 plants
184 creatures vanquished.

Grand Total: 987 creatures vanquished

Notes
Turn   | Place    | Note
-------+----------+-------------------------------------------
     0 | D:1      | iguanaiguana the Kobold Artificer began the quest for the
                  | Orb.
     0 | D:1      | Reached XP level 1. HP: 12/12 MP: 1/1
   207 | D:1      | Reached skill level 1 in Air Magic
   211 | D:1      | Reached XP level 2. HP: 16/16 MP: 2/2
   647 | D:1      | Reached skill level 1 in Spellcasting
   681 | D:1      | Learned a level 1 spell: Shock
   782 | D:2      | Reached XP level 3. HP: 17/20 MP: 4/4
   872 | D:2      | Found a faded altar of an unknown god.
   879 | D:2      | Prayed at the altar of an unknown god.
   879 | D:2      | Became a worshipper of Nemelex Xobeh the Trickster
   879 | D:2      | Reached * piety under Nemelex Xobeh
   992 | D:2      | Learned a level 3 spell: Swiftness
  1252 | D:2      | Received a gift from Nemelex Xobeh
  1767 | D:2      | Reached XP level 4. HP: 17/25 MP: 0/5
  1894 | D:2      | Found a sparkling altar of Nemelex Xobeh.
  2488 | D:3      | Found a snail-covered altar of Cheibriados.
  2845 | D:3      | Found a faded altar of an unknown god.
  2847 | D:3      | Found a hazy altar of Hepliaklqana.
  2889 | D:3      | Received a gift from Nemelex Xobeh
  3072 | D:3      | Reached XP level 5. HP: 26/29 MP: 1/6
  3270 | D:3      | Found a runed translucent door.
  3273 | D:3      | Noticed Crazy Yiuf
  3523 | D:4      | Reached ** piety under Nemelex Xobeh
  3628 | D:4      | Noticed an ogre
  3629 | D:4      | Noticed Blork the orc
  3641 | D:4      | Killed Blork the orc
  3642 | D:4      | Reached skill level 2 in Conjurations
  3642 | D:4      | Reached skill level 1 in Invocations
  3650 | D:4      | Reached XP level 6. HP: 18/34 MP: 3/7
  3655 | D:4      | Reached skill level 5 in Air Magic
  3908 | D:4      | Found Limyff's Armour Boutique.
  4029 | D:4      | Found a runed translucent door.
  4035 | D:4      | Received a gift from Nemelex Xobeh
  4050 | D:4      | Noticed IdlyInterested's ghost (amateur DsWn)
  4059 | D:4      | Reached XP level 7. HP: 35/38 MP: 8/8
  4061 | D:4      | Killed IdlyInterested's ghost
  4077 | D:4      | Found a runed translucent door.
  4257 | D:5      | Entered Level 5 of the Dungeon
  4422 | D:5      | Noticed a water moccasin
  4429 | D:5      | Killed a water moccasin
  4430 | D:5      | Reached XP level 8. HP: 33/43 MP: 7/11
  4783 | D:5      | Learned a level 4 spell: Airstrike
  4987 | D:5      | Found a staircase to the Ecumenical Temple.
  5643 | D:5      | Noticed Menkaure
  5647 | D:5      | Killed Menkaure
  5842 | D:5      | Reached skill level 5 in Invocations
  6170 | D:6      | Found a broken altar of Ashenzari.
  6338 | D:6      | Reached XP level 9. HP: 47/47 MP: 4/13
  6580 | D:6      | Reached *** piety under Nemelex Xobeh
  6690 | D:6      | Noticed Eustachio
  6703 | D:6      | Killed Eustachio
  7240 | D:6      | Found an ancient bone altar of Kikubaaqudgha.
  7625 | D:7      | Identified the +1 trident of Hairy Responsibility {pain,
                  | +Blink Str+2}
  8553 | D:7      | Found an opulent altar of Gozag.
  8721 | D:7      | Reached skill level 1 in Shields
  9054 | D:7      | Found a glowing silver altar of Zin.
  9096 | D:7      | Found a white marble altar of Elyvilon.
  9269 | D:8      | Reached XP level 10. HP: 52/52 MP: 5/16
  9481 | D:8      | Received a gift from Nemelex Xobeh
  9481 | D:8      | Found Leuseuc's Book Shop.
  9686 | D:8      | Reached **** piety under Nemelex Xobeh
  9913 | D:8      | Found Ogarr's Assorted Antiques.
 10564 | D:4      | Bought a +2 robe of the Archmagi for 414 gold pieces
 11018 | D:8      | Found Yrosh's General Store.
 11156 | D:8      | Reached skill level 10 in Air Magic
 11337 | D:8      | Reached skill level 5 in Shields
 11637 | D:8      | Found Vestelah's Magic Scroll Emporium.
 11807 | D:9      | Found a staircase to the Lair.
 11815 | D:9      | Received a gift from Nemelex Xobeh
 12757 | D:9      | Noticed a komodo dragon
 12766 | D:9      | Killed a komodo dragon
 12852 | D:10     | Entered Level 10 of the Dungeon
 12888 | D:10     | Noticed Grum
 12896 | D:10     | Killed Grum
 12899 | D:10     | Reached skill level 5 in Stealth
 12899 | D:10     | Reached XP level 11. HP: 49/60 MP: 1/17
 13109 | D:10     | Noticed a skeletal warrior
 13111 | D:10     | Noticed a skeletal warrior
 13112 | D:10     | Killed a skeletal warrior
 13112 | D:10     | Noticed a skeletal warrior
 13113 | D:10     | Reached skill level 5 in Dodging
 13177 | D:10     | Killed a skeletal warrior
 13178 | D:10     | Reached skill level 5 in Fighting
 13192 | D:10     | Noticed a manticore
 13296 | Lair:1   | Entered Level 1 of the Lair of Beasts
 13346 | Lair:1   | Noticed a death yak
 13360 | Lair:1   | Noticed a death yak
 13664 | Lair:1   | Received a gift from Nemelex Xobeh
 13688 | Lair:1   | Reached ***** piety under Nemelex Xobeh
 14040 | Lair:1   | Identified a scroll of acquirement
 14042 | Lair:1   | Acquired 922 gold pieces
 14132 | D:8      | Bought a runed cabochon ring for 150 gold pieces
 14132 | D:8      | Bought a scroll labelled MAITRY RULOOCH for 30 gold pieces
 14176 | D:8      | Bought a scroll of fear for 48 gold pieces
 14176 | D:8      | Bought a scroll of identify for 24 gold pieces
 14267 | D:4      | Bought a +0 helmet for 49 gold pieces
 14267 | D:4      | Bought a +1 cloak for 126 gold pieces
 14267 | D:4      | Bought a +0 pair of boots for 49 gold pieces
 14361 | D:8      | Bought a potion of heal wounds for 65 gold pieces
 15990 | Lair:2   | Found a staircase to the Snake Pit.
 16159 | Lair:2   | Received a gift from Nemelex Xobeh
 16177 | Lair:2   | Reached XP level 12. HP: 72/72 MP: 13/18
 16217 | Lair:2   | Noticed a seven-headed hydra
 16372 | Lair:2   | Reached skill level 10 in Stealth
 16409 | Lair:2   | Reached skill level 3 in Conjurations
 16660 | Lair:2   | Reached skill level 4 in Conjurations
 16824 | Lair:2   | Received a gift from Nemelex Xobeh
 17237 | Lair:2   | Killed a seven-headed hydra
 17238 | Lair:2   | Reached skill level 5 in Conjurations
 17244 | Lair:2   | Learned a level 5 spell: Iskenderun's Battlesphere
 17356 | Lair:2   | Found a staircase to the Shoals.
 17380 | Lair:2   | Reached skill level 6 in Conjurations
 18172 | Lair:3   | Reached skill level 7 in Conjurations
 18349 | Lair:3   | Received a gift from Nemelex Xobeh
 18762 | Lair:3   | Reached skill level 8 in Conjurations
 19414 | Lair:4   | Received a gift from Nemelex Xobeh
 19538 | Lair:4   | Noticed a boulder beetle
 19559 | Lair:4   | Killed a boulder beetle
 19775 | Lair:4   | Reached skill level 9 in Conjurations
 19777 | Lair:4   | Reached XP level 13. HP: 70/78 MP: 9/19
 20451 | Lair:4   | Found a staircase to the Slime Pits.
 20627 | Lair:3   | Reached skill level 10 in Conjurations
 21042 | Lair:1   | Reached skill level 5 in Spellcasting
 21307 | Lair:4   | Reached skill level 11 in Conjurations
 21340 | Lair:4   | Noticed a six-headed hydra
 21346 | Lair:4   | Killed a six-headed hydra
 21444 | Lair:4   | Found a viscous altar of Jiyva.
 22125 | Lair:5   | Entered Level 5 of the Lair of Beasts
 22252 | Lair:5   | Reached skill level 12 in Conjurations
 22476 | Lair:5   | Received a gift from Nemelex Xobeh
 22717 | Lair:5   | Got the Monograph on the Septic Lithosphere
 22887 | Lair:5   | Noticed a six-headed hydra
 23202 | Lair:5   | Noticed a six-headed hydra
 23209 | Lair:5   | Killed a six-headed hydra
 23424 | Lair:5   | Killed a six-headed hydra
 23425 | Lair:5   | Reached skill level 13 in Conjurations
 23425 | Lair:5   | Reached XP level 14. HP: 83/84 MP: 23/23
 23764 | Lair:5   | Received a gift from Nemelex Xobeh
 24303 | Lair:5   | Reached skill level 14 in Conjurations
 24335 | Lair:5   | Noticed Kirke
 24360 | Lair:5   | Killed Kirke
 25257 | Lair:5   | Noticed a golden dragon
 25276 | Lair:5   | Reached skill level 15 in Conjurations
 25390 | Lair:5   | Reached skill level 1 in Earth Magic
 25644 | Lair:5   | Found a corrupted altar of Lugonu.
 25646 | Lair:5   | Found a one-way gate to the infinite horrors of the Abyss.
 25958 | D:10     | Learned a level 6 spell: Iron Shot
 26036 | D:10     | Noticed Josephine
 26043 | D:10     | Killed Josephine
 26049 | D:10     | Reached skill level 5 in Earth Magic
 26383 | D:10     | Received a gift from Nemelex Xobeh
 26419 | D:10     | Found a glowing golden altar of the Shining One.
 26674 | D:10     | Reached ****** piety under Nemelex Xobeh
 26793 | D:10     | Reached skill level 1 in Short Blades
 27900 | D:11     | Received a gift from Nemelex Xobeh
 28116 | D:11     | Reached skill level 5 in Short Blades
 28138 | D:11     | Found Gimaog's Weapon Boutique.
 28138 | D:11     | Found a staircase to the Orcish Mines.
 28138 | D:11     | Found Opny's Armour Boutique.
 28251 | D:11     | Bought the +2 hat of the Bear Spirit {Spirit, *Rage Will++}
                  | for 383 gold pieces
 28251 | D:11     | Found the +2 hat of the Bear Spirit {Spirit, *Rage Will++}
 28714 | D:12     | Reached XP level 15. HP: 78/88 MP: 13/24
 28778 | D:12     | Identified the +5 rapier of Tyqauvid {vorpal, Drain Str+4
                  | Dex+9 Stlth-}
 29789 | D:12     | Noticed Nergalle
 29797 | D:12     | Killed Nergalle
 29964 | D:12     | Received a gift from Nemelex Xobeh
 31914 | D:13     | Reached skill level 10 in Earth Magic
 32063 | D:13     | Found a gate to the Vaults.
 33716 | D:13     | Learned a level 3 spell: Stone Arrow
 33732 | D:14     | Received a gift from Nemelex Xobeh
 34747 | D:14     | Reached XP level 16. HP: 93/93 MP: 13/28
 34854 | D:14     | Received a gift from Nemelex Xobeh
 35474 | D:15     | Entered Level 15 of the Dungeon
 35644 | Orc:1    | Entered Level 1 of the Orcish Mines
 36817 | Orc:1    | Found Noafesib's CLEARANCE SALE!.
 36822 | Orc:1    | Bought a potion of cancellation for 40 gold pieces
 36822 | Orc:1    | Bought a potion of heal wounds for 25 gold pieces
 37002 | Orc:2    | Entered Level 2 of the Orcish Mines
 37002 | Orc:2    | Found a staircase to the Elven Halls.
 37219 | Orc:2    | Found a bloodstained altar of Trog.
 37311 | Orc:2    | Identified the +0 hand axe "Gizoqeut" {spect, rPois rF++
                  | rC- rCorr}
 37863 | Orc:2    | Received a gift from Nemelex Xobeh
 38807 | Orc:2    | Found Etophuj's General Store.
 38807 | Orc:2    | Found Heyr's Book Boutique.
 38816 | Orc:2    | Found Rogub's Antique Armour Shop.
 38817 | Orc:2    | Found Riurphou's Antique Weapon Shop.
 39034 | Orc:2    | Bought a scroll of identify for 28 gold pieces
 39034 | Orc:2    | Bought a scroll of blinking for 105 gold pieces
 39035 | Orc:2    | Bought a scroll of acquirement for 728 gold pieces
 39035 | Orc:2    | Bought a scroll of amnesia for 56 gold pieces
 39035 | Orc:2    | Acquired the ring "Qideaxup" {rF+ rN+ Str-3 Int+3}
 39045 | Orc:2    | Learned a level 5 spell: Borgnjor's Vile Clutch
 39279 | D:15     | Reached skill level 1 in Necromancy
 39726 | D:15     | Received a gift from Nemelex Xobeh
 39957 | D:15     | Found a hide-covered altar of Uskayaw.
 40258 | D:15     | Found a staircase to the Depths.
 41052 | Snake:1  | Entered Level 1 of the Snake Pit
 41052 | Snake:1  | Received a gift from Nemelex Xobeh
 42244 | Snake:1  | Received a gift from Nemelex Xobeh
 42651 | Snake:2  | Reached skill level 5 in Necromancy
 42865 | Shoals:1 | Entered Level 1 of the Shoals
 43716 | Shoals:1 | Reached XP level 17. HP: 54/97 MP: 3/30
 44430 | Shoals:1 | Received a gift from Nemelex Xobeh
 44465 | Shoals:1 | Noticed Roxanne
 44932 | Shoals:1 | Killed Roxanne
 46365 | D:8      | Bought a scroll of enchant armour for 90 gold pieces
 46537 | Shoals:2 | Reached skill level 1 in Armour
 47025 | Shoals:2 | Identified the +2 long sword "Ytonuats" {freeze, Int+4}
 48007 | Shoals:2 | Reached skill level 5 in Armour
 48429 | Shoals:3 | Identified the +8 hand axe of Ydyeshoo {vorpal, Int+4}
 48614 | Shoals:3 | Noticed Mlioglotl
 48614 | Shoals:3 | Received a gift from Nemelex Xobeh
 48627 | Shoals:2 | Killed Mlioglotl
 49092 | Shoals:3 | Acquired 717 gold pieces
 50902 | Shoals:3 | Found Wozxaus's Antique Armour Shoppe.
 50979 | Shoals:3 | Noticed Bai Suzhen
 51003 | Shoals:3 | Noticed Mara
 51181 | Shoals:3 | Mara changed into Mara the hellephant
 51181 | Shoals:3 | Noticed Mara
 51550 | Shoals:3 | Reached XP level 18. HP: 105/105 MP: 15/31
 51899 | Shoals:3 | Received a gift from Nemelex Xobeh
 52327 | Shoals:4 | Entered Level 4 of the Shoals
 52703 | Shoals:4 | Found the +7 captain's cutlass {speed, disarm}
 52817 | Shoals:4 | Killed from afar by a merfolk aquamancer

Illustrated notes

Levels and vault maps discovered:
D:1:      amcnicky_arrival_blooded_trapdoor, layout_rooms
D:2:      layout_rooms, shapermc_ecumenical_altar_notcrosses
D:3:      layout_basic, slow_altar_1, nicolae_overflow_ecumenical_swirl,
          st_stairs_9, uniq_crazy_yiuf_cottage
D:4:      layout_rooms, ebering_ghost_sewer_f, serial_shops,
          nicolae_shop_competitors_out_of_business, uniq_blork_the_orc
D:5:      layout_layer_cave, minmay_temple_entry_glass, uniq_menkaure
D:6:      layout_gridville, nicolae_kikubaaqudgha_miasma_corner,
          overflow_temple_1_default, minmay_misc_feat_doors,
          chequers_serial_rivers_micro_d, serial_park_tiny_1,
          nicolae_concentric_dashed_squares_mild, uniq_eustachio
D:7:      layout_rooms, nicolae_gozag_seed_capital,
          mainiacjoe_overflow_two_lobes, roderic_batcave
D:8:      layout_loops_corners, serial_shops, kennysheep_mini_moat, shop,
          nicolae_stop_n_shop_2, nicolae_shop_hallway_stairs, special_room
          [special_room_orc]
D:9:      layout_basic, david_lair_shrubbed, kennysheep_generic_room_2
D:10:     layout_long_grid, tso_metal_star, onia_ninara_dug_in_and_dangerous,
          uniq_josephine, uniq_grum
D:11:     layout_loops_ring, orc_david_3
D:12:     layout_cave_pools, uniq_nergalle
D:13:     layout_loops_corners, erik_vaults_2, grunt_ministairs_7,
          serial_park_tiny_1
D:14:     layout_small_grid, drop_trap, minmay_the_grid_square_5x5_3x3_mashed
          [minmay_the_grid_square_5x5_inner_i, minmay_the_grid_square_5x5_plus,
          minmay_the_grid_square_5x5_two,
          minmay_the_grid_square_5x5_hollow_slash,
          minmay_the_grid_square_5x5_megaprize_hollow,
          minmay_the_grid_square_5x5_corner,
          minmay_the_grid_square_5x5_pentomino_r,
          minmay_the_grid_square_5x5_empty,
          minmay_the_grid_square_5x5_two_small]
D:15:     hangedman_depths_entry_civil_slaughter, layout_irregular_city,
          skrybe_limestone_x, nicolae_uskayaw_suspiria
Lair:1:   layout_long_grid, special_room [special_room_bee]
Lair:2:   layout_misc_corridors, minmay_shoals_entry_centaurs,
          minmay_snake_entry_spellcaster, st_stairs_3,
          nicolae_quartered_pool_super
Lair:3:   layout_roguey, serial_bayou_shore_a, lemuel_fruit_tree
Lair:4:   layout_cave_shapes, minmay_slime_entry_pillars, beast_lair_carwin_5
Lair:5:   hellmonk_lair_end_abyssal_woods, layout_cave_pods, grunt_megastairs_1,
          uniq_kirke
Shoals:1: layout_shoals, ldierk_geyser, uniq_roxanne
Shoals:2: layout_shoals, nicolae_shoals_cliffside_cave,
          nicolae_shoals_siren_and_animal_friends
Shoals:3: layout_shoals, serial_shops, nicolae_shop_crystal, uniq_mara,
          uniq_bai_suzhen, uniq_mlioglotl
Shoals:4: shoals_end_hangedman, layout_shoals, nicolae_shoals_water_booths
Snake:1:  layout_grid_maze
Snake:2:  layout_chambers, library_closet, nicolae_snake_coiling_death
Orc:1:    layout_caves, nicolae_shop_clearance
Orc:2:    st_orc_congregation, layout_caves, hangedman_feature_mirror,
          nooodl_orcs_dogs

Skill      XL: |  1  2  3  4  5  6  7  8  9 10 11 12 13 14 15 16 17 |
---------------+----------------------------------------------------+-----
Air Magic      | 1 2 3 4 5 6 8 9 10 | 10.0
Spellcasting   | 1 2 3 6 8 9 |  9.4
Conjurations   | 2 9 13 15 | 15.0
Invocations    | 2 3 6 8 |  8.0
Shields        | 2 5 |  5.0
Stealth        | 5 9 10 | 10.0
Fighting       | 3 7 8 9 |  9.5
Dodging        | 4 8 9 |  9.7
Earth Magic    | 5 10 13 14 | 14.0
Short Blades   | 5 9 |  9.9
Necromancy     | 5 7 |  7.0
Armour         | 5 |  5.0
Hexes          | |  0.5
Evocations     | |  3.6

Action                   |  1- 3 |  4- 6 |  7- 9 | 10-12 | 13-15 | 16-18 || total
-------------------------+-------+-------+-------+-------+-------+-------++-------
Melee: Club              |    22 |       |       |       |       |       ||    22
       Dagger            |    85 |    68 |    62 |   242 |   113 |       ||   570
       Spear             |    18 |       |       |       |       |       ||    18
       Punch             |     1 |     1 |     1 |       |       |       ||     3
       Rapier            |       |       |       |       |   137 |   228 ||   365
Throw: Dart              |       |       |     1 |       |     1 |       ||     2
 Cast: Shock             |    13 |    77 |   112 |   111 |   516 |       ||   829
       Airstrike         |       |       |    23 |   156 |    16 |       ||   195
       Swiftness         |       |       |       |     4 |    15 |     2 ||    21
       Iskenderun's Batt |       |       |       |     7 |   111 |    90 ||   208
       Stone Arrow       |       |       |       |       |    38 |   356 ||   394
       Iron Shot         |       |       |       |       |    24 |    51 ||    75
       Borgnjor's Vile C |       |       |       |       |       |    40 ||    40
Invok: Draw Summoning    |       |     1 |     1 |       |     7 |    11 ||    20
       Draw Destruction  |       |       |     8 |    15 |    34 |    19 ||    76
       Draw Escape       |       |       |       |     1 |       |    14 ||    15
       Deal Four         |       |       |       |       |       |     4 ||     4
Evoke: Wand              |     3 |     8 |    16 |    13 |    15 |    13 ||    68
       Tin of tremorston |       |       |       |       |     2 |     4 ||     6
       Phantom mirror    |       |       |       |       |     1 |     1 ||     2
  Use: Potion            |       |     2 |     5 |       |       |     8 ||    15
       Scroll            |       |       |     9 |     9 |     4 |    28 ||    50
 Stab: Sleeping          |     6 |       |     1 |       |     2 |     1 ||    10
       Distracted        |       |       |       |     1 |       |       ||     1
Armor: Scale mail        |    26 |       |       |       |       |       ||    26
       Leather armour    |    10 |     4 |       |       |       |       ||    14
       Robe              |       |    18 |    45 |    67 |   128 |    51 ||   309
       Acid dragon scale |       |       |       |       |       |    47 ||    47
Dodge: Dodged            |    72 |    61 |    80 |   233 |   460 |   336 ||  1242
Block: Other             |       |    24 |    19 |       |       |       ||    43
       Buckler           |       |       |    21 |   220 |   416 |   322 ||   979
       Reflection        |       |       |     1 |     4 |    18 |    32 ||    55

Table legend: (Time is in decaauts)
 A = Elapsed time spent in this place.
 B = Non-inter-level travel time spent in this place.
 C = Inter-level travel time spent in this place.
 D = Time resting spent in this place.
 E = Time spent auto-exploring this place.
 F = Levels seen in this place.
 G = Mean time per level.
                   A        B        C        D        E       F      G
               +--------+--------+--------+--------+--------+-----+--------+
         Total |  53348 |  49915 |   3433 |   7304 |  34101 |  28 | 1905.3 |
       Dungeon |  26360 |  24321 |   2039 |   3637 |  16755 |  15 | 1757.3 |
          Lair |  12850 |  12113 |    737 |   1803 |   8114 |   5 | 2570.0 |
        Shoals |   9401 |   8925 |    476 |   1695 |   5527 |   4 | 2350.2 |
     Snake Pit |   1774 |   1741 |     33 |    134 |   1423 |   2 |  887.0 |
  Orcish Mines |   2961 |   2815 |    146 |     33 |   2281 |   2 | 1480.5 |
               +--------+--------+--------+--------+--------+-----+--------+

Top non-repeatable levels by time:
    D:13: 3511 daAuts
Shoals:2: 3496 daAuts
  Lair:5: 3202 daAuts
Shoals:1: 3060 daAuts
  Lair:1: 3057 daAuts
    D:11: 2852 daAuts
     D:8: 2542 daAuts
Shoals:3: 2413 daAuts
  Lair:4: 2401 daAuts
   Orc:2: 2150 daAuts
  Lair:3: 2139 daAuts
  Lair:2: 2050 daAuts
     D:5: 1828 daAuts
    D:12: 1680 daAuts
     D:7: 1621 daAuts
